Zazza, neutral female human Tourist ------------- |...........| -------- |...........| |[[[[.[| |...*.......| |[)[[[.| |...........| |[[[].[| |............# |....$.| ---------.---# ------|- # # ## ### # # # # ### ### # # # # ### ###### F@# ## #---.------- # -----|--- #|.........| ----f----------- #........| ###|.........| |...............#############|.......| # #-.........| |..............|#############-.......-## |.........| |...............######## |.......| |.........| ---------------- --------- ----------- Zazza the Rambler Experience level: 1 Strength: 14 Dexterity: 11 Constitution: 14 Intelligence: 11 Wisdom: 8 Charisma: 16 Health: 0(10) Energy: 2(2) Def: 1 Gold: 21 Moves: 1379 Dungeon seed: Q4Vfb_idsDIQ--l9 Game ID: Zazza_1605967562 Your Inventory: Coins $ - 21 gold pieces Weapons a - 31 +2 darts (in quiver) S - a +0 sling Armor e - an uncursed +0 Hawaiian shirt (being worn) r - an uncursed +0 pair of jumping boots (being worn) N - an uncursed +0 pair of water walking boots Comestibles b - 5 uncursed food rations c - an uncursed egg f - an uncursed tin of goblin meat g - 3 uncursed tripe rations h - an uncursed tin of kobold meat z - 2 uncursed eucalyptus leaves B - an uncursed tripe ration I - an uncursed egg P - an uncursed slime mold Scrolls k - 2 uncursed scrolls of magic mapping w - an uncursed scroll of enchant weapon C - a cursed scroll of gold detection H - a cursed scroll of teleportation O - an uncursed scroll of teleportation Spellbooks q - an uncursed spellbook of confuse monster s - an uncursed spellbook of identify K - an uncursed spellbook of identify Potions i - a blessed potion of extra healing j - an uncursed potion of extra healing D - an uncursed potion of gain energy E - a cursed potion of extra healing J - an uncursed potion of polymorph Rings G - a cursed -1 ring of gain constitution Wands t - a wand of lightning (0:3) u - a wand of undead turning (0:5) Tools m - an expensive camera (0:76) n - an uncursed credit card o - a magic marker (0:66) Gems y - an uncursed opal Spells and supernatural/magical abilities: Name Level Category Fail Memory u - confuse monster 2 enchantment 100% 94% W - pray for help -- divine ? -- Y - supernatural jump -- ability ? -- Your skills at the end: Fighting Skills Weapon Skills dart [Basic] Spellcasting Skills Final Attributes: You were nominally aligned. You could jump. You were lucky. You are dead. Vanquished creatures: 2 shriekers a hobbit a gecko 4 jackals 2 foxes a kobold 5 grid bugs 3 lichens a kobold zombie 7 newts 27 creatures vanquished. Voluntary challenges: You were vegetarian. You were an atheist. You never hit with a wielded weapon. You read items or engraved 13 times, starting on turn 13. You never genocided any monsters. You never polymorphed an object. You never changed form. You used no wishes. You never split a pudding. You wrote Elbereth's name 4 times, starting on turn 218. You never violated your personal moral code. Dungeon overview: The Dungeons of Doom: levels 1 to 4 Level 1 a fountain a long staircase Level 2 a general store, a sink Level 4 <- You were here an armor shop History has recorded: On T:1 you entered the Dungeons of Doom to retrieve the Amulet of Yendor! On T:205 you reached level 2 of The Dungeons of Doom. On T:954 you reached level 4 of The Dungeons of Doom. Score breakdown: Gold: 0 ( 0 points) Experience: 1 level ( 0 points) Exploration: 4 levels ( 7.69%) ( 7276 points) Discoveries: 5 items ( 1.68%) ( 3885 points) Valuables value: (no points given unless you survive) Artifact value: 0 ( 0 points) Variety of kills: 10 monsters ( 2.62%) ( 4860 points) Turncount: 1379 turns ( 0 points) Survival: died (score multiplied by 80%) Total score: 12816 Latest messages: You stop. Armand is in the way! Armand bites the shrieker. The shrieker is killed! You displace Armand. $ - 21 gold pieces. You hit the brown mold. You are suddenly very cold! You displace Armand. You stop. Armand is in the way! You displace Armand. You are beginning to feel hungry. You stop running. This lichen corpse tastes terrible! You finish eating the lichen corpse. You displace Armand. Armand bites the shrieker. Armand misses the shrieker. Armand bites the shrieker. Armand misses the shrieker. Armand bites the shrieker. The shrieker is killed! You hit the brown mold. You are suddenly very cold! You die... Final status: Aloha Zazza the Tourist, killed by a brown mold... You died in The Dungeons of Doom on dungeon level 4 with 12816 points, and 21 pieces of gold, after 1379 moves. You were level 1 with a maximum of 10 hit points when you died.